 Dungeon Crawl Stone Soup version 0.20-a0-1018-ge435b50 (webtiles) character file.

322 Ichigo the Cudgeler (level 6, -2/37 HPs)
             Began as a Gargoyle Fighter on Apr 17, 2017.
             Slain by an ogre
             ... wielding a +0 giant club
              (11 damage)
             ... on level 4 of the Dungeon.
             The game lasted 00:06:52 (4516 turns).

Ichigo the Cudgeler (Gargoyle Fighter)              Turns: 4516, Time: 00:06:53

Health: -2/37      AC: 19    Str: 21    XL:     6   Next: 47%
Magic:  6/6        EV:  5    Int:  9    God:
Gold:   177        SH:  9    Dex:  9    Spells: 5/5 levels left

rFire    . . .     SeeInvis .   a - +0 flail
rCold    . . .     Gourm    .   c - +0 shield
rNeg     + . .     Faith    .   g - +0 chain mail
rPois    ∞         Spirit   .   w - +2 hat
rElec    +         Reflect  .   (no cloak)
rCorr    .         Harm     .   (no gloves)
MR       .....                  (no boots)
Stlth    ..........             (no amulet)
Regen    0.2/turn               s - +2 ring of protection
MPRegen  0.1/turn               b - +2 ring of protection

@: no status effects
A: negative energy resistance 1, electricity resistance, unbreathing,
petrification resistance, rot immunity, AC +4
a: no special abilities


You were on level 4 of the Dungeon.
You were not hungry.

You visited 1 branch of the dungeon, and saw 4 of its levels.

You collected 177 gold pieces.

Inventory:

Hand Weapons
 a - a +0 flail (weapon)
Armour
 c - a +0 shield (worn)
 g - a +0 chain mail (worn)
 w - a +2 hat (worn)
Jewellery
 b - a +2 ring of protection (right hand)
 l - an uncursed ring of ice
 s - a +2 ring of protection (left hand)
 x - an uncursed ring of protection from cold {unknown}
Wands
 r - a wand of random effects (30/48)
Scrolls
 d - 2 scrolls of magic mapping {unknown}
 h - a scroll of amnesia {unknown}
 i - a scroll of teleportation {unknown}
 k - a scroll of noise {unknown}
 o - 2 scrolls of remove curse {unknown}
 p - a scroll of enchant weapon {unknown}
 q - a scroll of identify {unknown}
 u - a scroll of enchant armour {unknown}
 v - a scroll of fog {unknown}
Potions
 e - a potion of curing
 j - a potion of degeneration {unknown}
Comestibles
 f - 5 bread rations
 m - 3 meat rations
 n - 5 fruits
 t - 3 chunks of flesh


   Skills:
 - Level 3.2 Fighting
 + Level 6.6 Maces & Flails
 - Level 3.2 Armour
 - Level 3.2 Shields


You had 5 spell levels left.
You didn't know any spells.

Dungeon Overview and Level Annotations

Branches:
Dungeon (4/15)
 Temple: D:4-7

Altars:
Ashenzari
Elyvilon
Kikubaaqudgha


Innate Abilities, Weirdness & Mutations

You are resistant to torment.
Your stone body is resilient. (AC +4)
You are immune to poison.
You resist negative energy. (rN+)
You are resistant to electric shocks. (rElec)
You can survive without breathing.
You are immune to petrification.
You are immune to rotting.


Message History

You block the ogre's attack.
You sock the ogre!
The ogre is moderately wounded.
The ogre hits you with a giant club.
You hit the ogre.
The ogre is heavily wounded.
Your shield and chain mail prevent you from hitting the ogre.
The ogre is heavily wounded.
You block the ogre's attack.
You barely miss the ogre.
The ogre is heavily wounded.
The ogre hits you with a giant club.
* * * LOW HITPOINT WARNING * * *
You barely miss the ogre.
The ogre is heavily wounded.
The ogre hits you but does no damage.
You hit the ogre but do no damage.
The ogre is heavily wounded.
The ogre hits you with a giant club!
You die...

#.............##.#######
#########........#
##.##.#### ####.# ###
#)# .....#.### #.....#
#.###.###### #. #.@O...#
. #.####.# ## $..#
.....# #....## ...#.#
####. #.


You could see an ogre.

Vanquished Creatures
  The ghost of DragonInDisguise the Bolt Thrower, an amateur KoHu (D:3)
  An orc priest (D:4)
  Natasha (thrice) (D:3)
  Robin (D:3)
  2 adders
  An ooze (D:3)
  An adder skeleton (D:4)
  4 worms (D:2)
  3 dart slugs
  2 leopard geckos
  7 orcs
  6 giant cockroaches
  16 goblins
  5 hobgoblins
  5 jackals
  6 kobolds
  3 quokkas
  A ball python (D:3)
  5 bats
  5 frilled lizards
  A leopard gecko skeleton (D:4)
  7 rats
86 creatures vanquished.

Vanquished Creatures (others)
  A quokka (D:3)
1 creature vanquished.

Grand Total: 87 creatures vanquished

Notes
Turn   | Place    | Note
-------+----------+-------------------------------------------
     0 | D:1      | Ichigo the Gargoyle Fighter began the quest for the Orb.
     0 | D:1      | Reached XP level 1. HP: 14/14 MP: 1/1
   716 | D:1      | Reached XP level 2. HP: 19/19 MP: 2/2
  1323 | D:2      | Reached skill level 3 in Maces & Flails
  1405 | D:2      | Reached XP level 3. HP: 11/23 MP: 3/3
  1830 | D:2      | Found a shattered altar of Ashenzari.
  1932 | D:2      | Found an ancient bone altar of Kikubaaqudgha.
  2027 | D:2      | Reached skill level 4 in Maces & Flails
  2097 | D:3      | Noticed Natasha
  2116 | D:3      | Killed Natasha
  2116 | D:3      | Reached XP level 4. HP: 3/28 MP: 4/4
  2118 | D:3      | HP: 1/28 [giant cockroach (1)]
  2127 | D:3      | Noticed DragonInDisguise's ghost (amateur KoHu)
  2621 | D:3      | Noticed Robin
  2652 | D:3      | Noticed Natasha
  2683 | D:3      | Killed Natasha
  2683 | D:3      | Reached skill level 5 in Maces & Flails
  2683 | D:3      | Reached XP level 5. HP: 20/32 MP: 5/5
  2690 | D:3      | Killed Robin
  2786 | D:3      | Noticed Natasha
  2818 | D:3      | Killed Natasha
  3209 | D:3      | Found a white marble altar of Elyvilon.
  3383 | D:3      | Killed DragonInDisguise's ghost
  3383 | D:3      | Reached skill level 6 in Maces & Flails
  3383 | D:3      | Reached XP level 6. HP: 32/37 MP: 6/6
  3783 | D:4      | Noticed a two-headed ogre
  4516 | D:4      | Slain by an ogre

Vault maps used:
D:1:      nicolae_arrival_memento_mori
D:2:      ashenzari_conservatory_becter, kiku_gazebo_pond_becter
D:3:      first_bread, elyvilon_altar_4, uniq_robin, uniq_natasha
D:4:      minmay_temple_entry_poolview, hangedman_decor_opposing,
          lemuel_flame_loot_1

Skill      XL: |  1  2  3  4  5 |
---------------+----------------+-----
Maces & Flails | 3 4 5 6 |  6.6
Fighting       | |  3.2
Armour         | |  3.2
Shields        | |  3.2

Action                   |  1- 3 |  4- 6 || total
-------------------------+-------+-------++-------
Melee: Flail             |   196 |   228 ||   424
  Use: Potion            |     1 |     3 ||     4
  Eat: Chunk             |     4 |     6 ||    10
       Royal jelly       |       |     1 ||     1
Armor: Chain mail        |   141 |   183 ||   324
Dodge: Dodged            |    49 |    52 ||   101
Block: Shield            |   121 |   127 ||   248
